 Dungeon Crawl Stone Soup version 0.31-a0-949-g57150269e1 (webtiles) character file.

Game seed: 10233483725084000482

155 CowFu the Trooper (level 5, -4/47 HPs)
             Began as a Ghoul Monk on Oct 22, 2023.
             Was a Priest of Trog.
             Slain by a worm (11 damage)
             ... in a sewer.
             The game lasted 00:02:45 (2450 turns).

CowFu the Trooper (Ghoul Monk)                      Turns: 2450, Time: 00:02:46

Health: -4/47      AC: -2    Str: 17    XL:     5   Next: 37%
Magic:  4/4        EV: 13    Int:  5    God:    Trog [***...]
Gold:   157        SH:  0    Dex: 11    Spells: 4/4 levels left

rFire   . .          .
                       - Unarmed
rCold   + . .        c - orb {light}
rNeg    + + +        a - +0 robe
rPois   ∞            (no helmet)
rElec   .            (no cloak)
rCorr   .            (no gloves)
SInv    .            (no boots)
Will    .....        (no amulet)
Stlth   +            (no ring)
HPRegen 0.00/turn    (no ring)
MPRegen 0.09/turn

%: no passive effects
@: corroded, inhibited regen, glowing
A: claws 1, cold resistance 1, negative energy resistance 3, inhibited
regeneration, torment resistance 2, devour on kill
a: Renounce Religion, Trog's Hand


You were in a sewer.
You worshipped Trog.
Trog was most pleased with you.
You visited 1 branch of the dungeon, and saw 3 of its levels.
You also visited: Sewer.

You collected 157 gold pieces.

Inventory:

Armour
 a - a +0 robe (worn)
 c - an orb of light (worn)
 d - a +0 buckler
Scrolls
 e - 3 scrolls of identify {unknown}
 f - 2 scrolls of fog {unknown}
 g - a scroll of vulnerability {unknown}
 h - 4 scrolls of teleportation {unknown}
 i - 2 scrolls of poison {unknown}
 j - a scroll of blinking {unknown}
 k - 2 scrolls of fear {unknown}
 m - a scroll of revelation {unknown}
Potions
 b - a potion of ambrosia
 l - a potion of attraction {unknown}
 n - a potion of heal wounds {unknown}
 o - a potion of brilliance {unknown}
 p - 2 potions of curing {unknown}
 q - a potion of invisibility {unknown}
 r - a potion of might {unknown}
 s - a potion of haste {unknown}


   Skills:
 + Level 4.6 Fighting
 + Level 3.7 Dodging
 + Level 4.5 Unarmed Combat


You had 4 spell levels left.
You didn't know any spells.
Your spell library contained the following spells:

 Spells                   Type           Power      Damage    Failure   Level
 Confusing Touch          Hex            0%         N/A       85%         3
 Sigil of Binding         Hex            0%         N/A       85%         3
 Fireball                 Conj/Fire      0%         3d3       100%        5
 Iskenderun's Battlesphe  Conj           0%         2d6       100%        5
 Bombard                  Conj/Erth      0%         9d1       100%        6
 Spellforged Servitor     Conj/Summ      0%         N/A       100%        7


Dungeon Overview and Level Annotations

Branches:
Dungeon (3/15)              Sewer (1/1)

Altars:
Qazlal
Trog
Yredelemnul


Innate Abilities, Weirdness & Mutations

You are immune to poison.
You have sharp fingernails.
Your flesh is cold resistant. (rC+)
You are immune to negative energy. (rN+++)
You do not regenerate when monsters are visible.
You are immune to unholy pain and torment.
You thrive by killing the living.


Message History

s - a metallic black potion No target in view!
No target in view!
You enter the shallow water.
Moving in this stuff is going to be slow.
You enter the shallow water.
Moving in this stuff is going to be slow.
You enter the shallow water.
Moving in this stuff is going to be slow.
An endoplasm comes into view.
Found a gate leading back out of this place.
The endoplasm quivers.
A worm comes into view.
There are monsters nearby!
A jelly comes into view.
The jelly quivers.
There are monsters nearby!
You scratch the endoplasm.
The endoplasm is almost dead.
There are monsters nearby!
Your unstable footing causes you to fumble your attack.
The endoplasm freezes you.
You are frozen.
You resist.
You scratch the endoplasm.
You kill the endoplasm!
Trog accepts your kill.
Your unstable footing causes you to fumble your attack.
You claw the jelly!
Your claws burn!
The jelly is severely wounded.
The worm bites you!
You scratch the jelly.
Your claws burn!
The jelly is almost dead.
The jelly hits you.
You are splashed with acid!
The worm barely misses you. The jelly attacks as it pursues you!
The jelly hits you. The acid corrodes you!
You are splashed with acid!
* * * LOW HITPOINT WARNING * * *
The jelly closely misses you. The worm bites you.
* * * LOW HITPOINT WARNING * * *
The jelly misses you. The worm bites you!
You die...

#.~~.~~.##..## #.~~.~..
~~.~~~.~##..~###.......
..~.~#~~~##.~.##~~#####
##...##~~†##~.##..#
#~~. ##~....~##~.# #..
#~~.~.###..##### #.~
##.~#### #.~~.†..
#...###~~.# #.....†.
#∩~.~@~..# ########
##~~wJ~.## ####~~##
#~~# ..~# .~.## ..~##
..~. #.~~.


You could see a worm and a jelly.

Vanquished Creatures
  A jelly (Sewer)
  5 adders
  A worm (D:2)
  A dart slug (D:3)
  6 ball pythons
  6 bats
  15 endoplasms
  7 giant cockroaches
  4 goblins
  2 hobgoblins (D:1)
  4 jackals (D:2)
  5 kobolds
  2 quokkas
  2 frilled lizards
  6 rats
67 creatures vanquished.

Notes
Turn   | Place    | Note
-------+----------+-------------------------------------------
     0 | D:1      | CowFu the Ghoul Monk began the quest for the Orb.
     0 | D:1      | Reached XP level 1. HP: 19/19 MP: 0/0
   314 | D:1      | Reached XP level 2. HP: 25/26 MP: 1/1
   866 | D:2      | Identified the "Fabacrir"
   883 | D:2      | Reached XP level 3. HP: 27/33 MP: 2/2
  1292 | D:2      | Found a faded altar of an unknown god.
  1422 | D:2      | Prayed at the altar of an unknown god.
  1422 | D:2      | Became a worshipper of Trog the Wrathful
  1422 | D:2      | Reached * piety under Trog
  1422 | D:2      | Reached ** piety under Trog
  1522 | D:2      | Reached XP level 4. HP: 40/40 MP: 3/3
  1966 | D:3      | Reached *** piety under Trog
  1990 | D:3      | Found a stormy altar of Qazlal.
  1991 | D:3      | Found a basalt altar of Yredelemnul.
  2183 | D:3      | Found a glowing drain.
  2187 | Sewer    | Entered a sewer
  2372 | Sewer    | Reached XP level 5. HP: 44/47 MP: 4/4
  2450 | Sewer    | Slain by a worm

Illustrated notes

Levels and vault maps discovered:
D:1:      spicycebolla_green_bress_n_ham, layout_basic, minmay_indecisive_spiral
D:2:      layout_basic, shapermc_ecumenical_altar_petra
D:3:      layout_loops_ring, mainiacjoe_overflow_tiny_flanked,
          nicolae_overflow_squiral, portal_sewer_entry_e, serial_shops,
          shop_fountains
Sewer:    sewer_hellmonk_slimy_pipes

Skill      XL: |  1  2  3 |
---------------+----------+-----
Dodging        | 3 |  3.7
Fighting       | 4 |  4.6
Unarmed Combat | 4 |  4.5

Action                     |  1- 3 |  4- 6 || total
---------------------------+-------+-------++-------
  Melee: Unarmed           |    75 |    98 ||   173
 Armour: Robe              |    34 |    37 ||    71
  Dodge: Dodged            |    37 |    55 ||    92

Table legend: (Time is in decaauts)
 A = Elapsed time spent in this place.
 B = Non-inter-level travel time spent in this place.
 C = Inter-level travel time spent in this place.
 D = Time resting spent in this place.
 E = Time spent auto-exploring this place.
 F = Levels seen in this place.
 G = Mean time per level.
                   A        B        C        D        E       F      G
               +--------+--------+--------+--------+--------+-----+--------+
         Total |   2450 |   2287 |    163 |      0 |   1761 |   4 |  612.5 |
       Dungeon |   2181 |   2018 |    163 |      0 |   1610 |   3 |  727.0 |
         Sewer |    269 |    269 |      0 |      0 |    151 |   1 |  269.0 |
               +--------+--------+--------+--------+--------+-----+--------+

Top non-repeatable levels by time:
     D:2: 1048 daAuts
     D:1: 864 daAuts
     D:3: 269 daAuts
   Sewer: 269 daAuts
